[Event "Team 45 45 League T88"]
[Site "Internet Chess Club"]
[Date "2021.04.11"]
[Round "1"]
[White "ILRE"]
[Black "Kingofknights"]
[Result "1-0"]
[WhiteElo "1632"]
[BlackElo "1520"]
[Opening "Queen's bishop game"]
[ECO "D02"]
[Time "18:31:00"]
[TimeControl "2700+45"]

1. d4 d5 2. Nf3 Nf6 3. Bf4 e6 4. e3 a6 5. Bd3 c5 6. c3 Nc6 7. Nbd2 b5 8. O-O Be7
9. h3 O-O 10. Bh2 c4 11. Bc2 Bb7 12. Qe2 b4 13. e4 a5 14. e5 Nd7 15. Bf4 Re8 16.
Rfe1 Ba6 17. Qe3 Nf8 18. Nh2 Bb5 19. Qg3 Ng6 20. Bxg6 hxg6 21. Nhf3 Ba4 22. Rac1
bxc3 23. Rxc3 Qb6 24. Ree3 Bb4 25. Ng5 Nxd4 26. Qh4 Nf5 27. Qh7+ Kf8 28. Rf3 Ke7
29. Nxf7 Kxf7 30. Bh6 Rg8 31. g4 Bxc3 32. bxc3 Bd1 33. Rf4 Qb8 34. gxf5 exf5 35.
e6+ Kf6 36. Bg5+ Kxe6 37. Qxg6+ Kd7 38. Qxf5+ Kc6 39. Be7 Qc7 40. Qe6+ Kb7 41.
Qxd5+ Qc6 42. Qf7 Rgc8 43. Bd6+ Ka6 44. Nxc4 Be2 45. Nxa5 Kxa5 46. Bb4+ Ka6 47.
Qb3 Bc4 48. Qa3+ Kb7 49. Qc1 Rxa2 50. Qe3 Re2 51. Qd4 Re1+ 52. Kh2 Qh1+ 53. Kg3
Rg1+ 54. Kh4 g5+ 55. Kh5 Qxh3+ 56. Kg6 Qg4 57. Rxg4 Rg8+ 58. Kf6 {Black resigns}
1-0

[Event "Team 45 45 League T88"]
[Site "Internet Chess Club"]
[Date "2021.04.11"]
[Round "1"]
[White "Goli"]
[Black "cadmiumorange"]
[Result "1/2-1/2"]
[WhiteElo "1755"]
[BlackElo "1790"]
[Opening "Scandinavian defense"]
[ECO "B01"]
[Time "06:30:38"]
[TimeControl "2700+45"]

1. e4 d5 2. exd5 Nf6 3. Bb5+ Nbd7 4. c4 a6 5. Ba4 b5 6. cxb5 Nxd5 7. Nc3 N5b6 8.
Bc2 axb5 9. Nxb5 e6 10. d4 Ba6 11. Nc3 c5 12. Nge2 cxd4 13. Qxd4 e5 14. Qe4 g6
15. O-O f5 16. Qc6 Be7 17. Bb3 Rf8 18. Be6 Qc8 19. Qxc8+ Rxc8 20. Rd1 Rc6 21.
Bxd7+ Nxd7 22. a3 Bf6 23. f3 Nb6 24. Rb1 Ke7 25. Kf2 Rfc8 26. g3 Ke6 27. Bd2 Nc4
28. Be1 Rb8 29. Nd5 Rxb2 30. Nb4 Rxe2+ 31. Kxe2 Nxa3+ 32. Nxa6 Nxb1 33. Nb8 Rb6
34. Nd7 Rb2+ 35. Kf1 Be7 36. h4 Na3 37. Nxe5 Rh2 38. Nd3 Nc2 39. Bf2 Rh1+ 40.
Ke2 Rxd1 41. Kxd1 Na3 {Game drawn by mutual agreement} 1/2-1/2

[Event "Team 45 45 League T88"]
[Site "Internet Chess Club"]
[Date "2021.04.10"]
[Round "1"]
[White "Zugzwanged"]
[Black "Egmont"]
[Result "1-0"]
[WhiteElo "1717"]
[BlackElo "1652"]
[Opening "French: exchange variation"]
[ECO "C01"]
[Time "10:05:12"]
[TimeControl "2700+45"]

1. e4 e6 2. d4 d5 3. exd5 exd5 4. Nf3 Nc6 5. Bd3 Bd6 6. O-O Nge7 7. c3 Bf5 8.
Re1 Bxd3 9. Qxd3 Qd7 10. Nbd2 h6 11. b4 a6 12. Nb3 O-O 13. Nc5 Bxc5 14. bxc5 Ng6
15. Bd2 Na5 16. Ne5 Nxe5 17. Rxe5 Rae8 18. Rae1 Nc4 19. R5e2 Rxe2 20. Qxe2 Qa4
21. Bf4 Qa5 22. Qf3 c6 23. Re2 Qd8 24. h3 Re8 25. Qg4 Rxe2 26. Qxe2 Kf8 27. Kh2
Qe7 28. Qxe7+ Kxe7 29. Kg3 g5 30. Bc1 Ke6 31. Kg4 Kf6 32. Kh5 Kg7 33. f4 f6 34.
fxg5 fxg5 35. h4 gxh4 36. Bxh6+ Kf6 37. Bg5+ Kg7 38. Bxh4 Nd2 39. Be1 Ne4 40.
Kg4 Kg6 41. Kf4 Kf6 42. c4 Ke6 43. g4 Nf6 44. cxd5+ Nxd5+ 45. Kg5 Nf6 46. Bg3
Ne4+ 47. Kf4 Nf6 48. Bh4 Nd5+ 49. Kg5 Nf6 50. Kf4 Nd5+ 51. Kg5 Nf6 52. a3 Nd5
53. Be1 Nf6 54. Kf4 Nd5+ 55. Kf3 Nf6 56. g5 Nd5 57. Ke4 Ne7 58. Bd2 Ng6 59. Ba5
Nh4 60. Bd8 Ng6 61. Bf6 Nh4 62. Kf4 Ng6+ 63. Ke4 Nh4 64. Kf4 Ng6+ 65. Kg4 Nf8
66. Kh5 Kf5 67. Kh6 Ng6 68. Kg7 Nf4 69. Kf7 Nd5 70. Bd8 Nf4 71. Be7 Ng6 72. a4
Nf4 73. a5 Ng6 74. Bf6 Nf4 75. Ke7 Nd3 76. Kd6 {Black resigns} 1-0

[Event "Team 45 45 League T88"]
[Site "Internet Chess Club"]
[Date "2021.04.08"]
[Round "1"]
[White "cityprosecutor"]
[Black "dalmata"]
[Result "1/2-1/2"]
[WhiteElo "1710"]
[BlackElo "1561"]
[Opening "French: King's Indian attack"]
[ECO "C00"]
[Time "13:00:52"]
[TimeControl "2700+45"]

1. e4 e6 2. d3 d5 3. Nd2 Nf6 4. g3 Be7 5. Bg2 O-O 6. Ngf3 dxe4 7. dxe4 Nxe4 8.
Nxe4 Qxd1+ 9. Kxd1 Rd8+ 10. Ke2 Nc6 11. c3 e5 12. Be3 h6 13. Rhd1 Re8 14. h3 f5
15. Ned2 Bd6 16. Nb3 f4 17. Bc5 e4 18. Bxd6 exf3+ 19. Kxf3 cxd6 20. Kxf4 Rf8+
21. Ke3 Ne5 22. Bd5+ Kh8 23. f4 Nf7 24. g4 Bd7 25. Bxf7 Rxf7 26. Rxd6 Re8+ 27.
Kd2 Bc6 28. f5 Rfe7 29. Nd4 Bg2 30. h4 Re4 31. f6 gxf6 32. Rxf6 Kg7 33. g5 hxg5
34. hxg5 R4e5 35. Nf5+ Kg8 36. Nh6+ Kg7 37. Nf5+ Kg8 38. Rg1 Be4 39. Nd4 Kg7 40.
Rd6 Bd5 41. g6 Be4 42. Rd7+ Kg8 43. a3 R8e7 44. Rxe7 Rxe7 45. Ke3 Bxg6+ 46. Kf4
Rf7+ 47. Ke5 Kh7 48. Rg2 Re7+ 49. Kd6 Rf7 50. Ne6 Rf6 51. Rh2+ Kg8 52. Rh6 {Game
drawn by mutual agreement} 1/2-1/2

[Event "Team 45 45 League T88"]
[Site "Internet Chess Club"]
[Date "2021.04.10"]
[Round "1"]
[White "vhuffst"]
[Black "harrington"]
[Result "0-1"]
[WhiteElo "1325"]
[BlackElo "1421"]
[Opening "English: Bremen, reverse dragon"]
[ECO "A22"]
[Time "19:00:32"]
[TimeControl "2700+45"]

1. c4 e5 2. Nc3 Nf6 3. g3 d5 4. cxd5 Nxd5 5. Bg2 Nb6 6. Nf3 Be7 7. d4 exd4 8.
Nxd4 O-O 9. O-O c6 10. e3 Re8 11. Qf3 N8d7 12. Nf5 Ne5 13. Nxe7+ Qxe7 14. Qe4
Qc7 15. f4 f5 16. Qd4 Ng4 17. h3 Nf6 18. a4 a5 19. b3 Be6 20. Rb1 Nbd5 21. Qc5
b6 22. Nxd5 Bxd5 23. Qc3 Rad8 24. Bxd5+ Nxd5 25. Qc2 Nxe3 26. Bxe3 Rxe3 27. Rbd1
Rxg3+ 28. Kh2 Rxd1 29. Qxd1 Re3 30. Qd2 Rxb3 31. Qc2 Rb4 32. Qa2+ Kh8 33. Qe2
Re4 34. Qf3 Rxa4 35. Re1 h6 {White resigns} 0-1